Unix NetHack Version 3.7.0-89 Work-in-progress - last build Sep 24 2023 19:26:52 (48e034876007844a536bf88644040a71d2893410,branch:master). Game began 2023-09-25 18:13:14, ended 2023-09-25 18:37:58. Arasaka, lawful female dwarven Cavewoman ------------- |...........| |...........| |...........| |.[.........|# |....)<.....-@s#### ----.-------- # # # 0# -----.-- |(...... |...!..| |....... |......| -------- Arasaka the Wanderer St:25 Dx:14 Co:20 In:8 Wi:8 Ch:7 Lawful Dlvl:8 $:108 HP:0(68) Pw:9(9) AC:1 Xp:6/560 T:5453 Latest messages: Where do you want to travel to? (For instructions type a '?') You descend the stairs. Where do you want to travel to? (For instructions type a '?') Something is written here in the dust. You read: "| c?". You descend the stairs. Where do you want to travel to? (For instructions type a '?') The black unicorn butts! The black unicorn kicks! The black unicorn butts! The black unicorn kicks! You miss the black unicorn. The black unicorn butts! The black unicorn kicks! The black unicorn butts! The black unicorn kicks! You hear water falling on coins. You are beginning to feel weak. You miss the black unicorn. The black unicorn butts! The black unicorn kicks! The black unicorn butts! The black unicorn kicks! You stop waiting. The iguana misses! You stop waiting. You hit the iguana! The iguana bites! You kill the iguana! There is an iguana corpse here; eat it? [ynq] (n) This iguana corpse is tough. You only feel hungry now. You finish eating the iguana corpse. You are beginning to feel weak. You stop waiting. Are you sure you want to pray? [yn] (n) You begin praying to Anu. You are surrounded by a shimmering light. You finish your prayer. You feel that Anu is well-pleased. Your stomach feels content. You are empty handed. a - an uncursed +1 club (alternate weapon; not wielded). The giant spider bites! The giant spider's bite was poisoned! You hear the wailing of the Banshee... You die... Inventory: Coins ('$') $ - 108 gold pieces Weapons (')') b - an uncursed +2 sling y - an uncursed +0 orcish dagger a - an uncursed +1 club (alternate weapon; not wielded) W - the uncursed +0 Werebane Armor ('[') x - an uncursed +0 orcish helm (being worn) f - an uncursed +1 pair of gauntlets of power (being worn) M - an uncursed +0 pair of jumping boots (being worn) D - an uncursed +0 chain mail (being worn) Comestibles ('%') p - 3 uncursed food rations O - 2 uncursed sprigs of wolfsbane h - an uncursed tin of french fried jackal meat N - an uncursed lizard corpse named tricebane Rings ('=') C - an uncursed ring of teleport control Wands ('/') S - an uncursed wand of lightning (0:7) q - an uncursed wand of speed monster (0:5) Tools ('(') k - an uncursed tinning kit (0:98) Gems/Stones ('*') c - 7 uncursed flint stones (in quiver pouch) Arasaka the Cavewoman's attributes: Background: You were a Wanderer, a level 6 dwarven Cavewoman. You were lawful, on a mission for Anu who was opposed by Ishtar (neutral) and Anshar (chaotic). You were in the Dungeons of Doom, on level 8. You entered the dungeon 5453 turns ago. You had 560 experience points, 80 more were needed to attain level 7. Basics: You had 0 out of 68 hit points. You had all 9 energy points (spell power). Your armor class was 1. Your wallet contained 108 zorkmids. Autopickup was on for '$"?' plus thrown, with exceptions. Final Characteristics: Your strength was 25 (base:18/01, innate limit:18/100). Your dexterity was 14 (limit:20). Your constitution was 20 (limit:20). Your intelligence was 8 (limit:16). Your wisdom was 8 (limit:16). Your charisma was 7 (limit:16). Final Status: You were not hungry. You were unencumbered. You were empty handed. You had basic skill with bare handed combat. Final Attributes: You were piously aligned. You had infravision. You could jump. You were warded. You are dead. Miscellaneous: You disabled loading of bones levels. Total elapsed playing time was 24 minutes and 43 seconds. Major events: Turn 1: Arasaka the lawful dwarven Cavewoman entered the dungeon 941: entered the Gnomish Mines 1074: attained the rank of Aborigine (level 3) 2594: was bestowed with Demonbane by Anu 3451: attained the rank of Wanderer (level 6) 4621: was bestowed with Werebane by Anu 5453: killed by a giant spider Vanquished creatures: a leprechaun a brown pudding 2 lizards a snake an ape 4 fire ants an orc shaman 2 rock piercers a yellow light 2 shriekers 2 gray oozes 2 little dogs a kobold shaman 2 hill orcs 4 rothes 3 iguanas 3 acid blobs a coyote 2 gas spores 3 manes 2 large kobolds 9 giant rats a cave spider a gnome zombie 6 geckos 5 jackals a fox a goblin 4 sewer rats 3 grid bugs 4 lichens 2 kobold zombies 8 newts 86 creatures vanquished. No species were genocided or became extinct. Voluntary challenges: You read items or engraved 7 times. You engraved Elbereth 3 times. You never genocided any monsters. You never polymorphed an object. You never changed form. You used no wishes. Achievements: You entered the Gnomish Mines. You attained the rank of Aborigine. You entered a shop. You attained the rank of Wanderer. The Dungeons of Doom: levels 1 to 8 Level 1: A fountain. Level 2: A general store, an altar to Anu, a fountain. Level 3: A general store. Stairs down to The Gnomish Mines. Level 4: Some fountains, a sink. Level 5: A fountain, a sink. Level 6: Level 7: A fountain. Level 8: <- You were here. Final resting place for you, killed by a giant spider. The Gnomish Mines: Level 4: Game over: ---------- / \ / REST \ / IN \ / PEACE \ / \ | Arasaka | | 108 Au | | killed by a | | giant spider | | | | | | 2023 | *| * * * | * _________)/\\_//(\/(/\)/\//\/|_)_______ Goodbye Arasaka the Cavewoman... You died in The Dungeons of Doom on dungeon level 8 with 2698 points, and 108 pieces of gold, after 5453 moves. You were level 6 with a maximum of 68 hit points when you died.